Map: Catalyst LE

Players

Echofivefour

  • Race: Terran Terran
  • League: Diamond
  • Spawn Location: 11:00

Stropheum - Winner!

  • Race: Protoss Protoss
  • League: Diamond
  • Spawn Location: 5:00

VOD

Have the link to the VOD?

Description

Time

  • Played on: April 28, 2018, 1:37 p.m.
  • Length: 10:41
Show
View Real Time Build Order
Export as new Build Order

Echofivefour Terran 

Build Orders: MMM Bio 

Get SALT Encoding   

  12  0:00  SCV  
  13  0:12  SCV  
  14  0:18  Supply Depot  
  14  0:24  SCV  
  15  0:31  Refinery  
  15  0:39  SCV  
  16  0:46  Barracks  
  16  0:53  SCV  
  17  1:05  SCV  
  18  1:17  SCV  
  20  1:34  Reaper  
  21  1:41  Orbital Command  
  20  1:53  Bunker  
  20  2:07  Barracks Reactor  
  20  2:14  SCV  
  20  2:15  Factory  
  20  2:22  Refinery  
  20  2:29  Command Center  
  20  2:33  SCV  
  21  2:39  Barracks  
  21  2:45  SCV  
  21  2:51  Marine  
  23  3:01  Factory Tech Lab  
  23  3:02  Supply Depot  
  23  3:08  Engineering Bay  
  23  3:23  Marine, Siege Tank, SCV  
  28  3:33  Barracks Tech Lab  
  28  3:39  Missile Turret  
  28  3:45  Marine  
  28  3:46  Marine  
  30  3:49  Missile Turret  
  30  3:52  Marine  
  31  3:56  Stimpack  
  31  4:03  Orbital Command  
  31  4:06  SCV  
  31  4:09  Marine  
  33  4:11  Marine  
  33  4:14  Marine  
  35  4:24  SCV  
  36  4:31  Marine x2  
  36  4:33  Marine  
  36  4:35  SCV  
  36  4:37  SCV  
  41  4:44  Supply Depot  
  41  4:55  SCV x2  
  41  4:58  Siege Tank  
  46  5:06  Marine x3  
  49  5:12  Starport, SCV x2  
  51  5:23  Supply Depot  
  51  5:25  Marine x3  
  53  5:29  SCV  
  53  5:30  Refinery  
  53  5:32  Engineering Bay  
  53  5:35  Terran Infantry Weapons Level 1  
  54  5:45  SCV  
  54  5:49  SCV  
  56  5:50  Starport Reactor  
  56  5:56  Marine x2  
  58  5:57  Barracks  
  58  6:03  SCV x2  
  60  6:05  Terran Infantry Armor Level 1  
  60  6:10  Supply Depot  
  60  6:11  Marine  
  60  6:16  Combat Shields  
  60  6:22  SCV x2  
  62  6:28  Refinery  
  62  6:32  Siege Tank  
  65  6:42  Command Center  
  65  6:45  Barracks Tech Lab  
  65  6:48  Marine x3  
  65  6:50  Barracks Reactor  
  65  6:54  Medivac  
  70  7:01  Medivac, SCV x2  
  74  7:06  Siege Tank  
  74  7:07  Marine  
  78  7:22  Liberator x2  
  78  7:33  Armory  
  78  7:39  Marine x2  
  86  7:53  Marine x3, Siege Tank, SCV x2  
  86  7:58  Marine x2  
  96  8:03  Barracks x2  
  96  8:11  Marine  
  97  8:24  Planetary Fortress  
  97  8:25  SCV  
  97  8:26  SCV  
  99  8:38  SCV  
  100  8:47  Supply Depot  
  100  8:52  Liberator  
  100  9:00  Marine  
  101  9:03  Barracks Reactor x2  
  101  9:08  Supply Depot  
  101  9:09  Marine x2, Supply Depot, Siege Tank  
  109  9:29  Marine x3, SCV x3  
  115  9:36  Marine x2  
  117  9:46  Medivac  
  117  9:47  Marine x4, Factory  
  117  9:48  Marine x2  
  117  9:49  Factory  
  117  9:52  Refinery x2  
  125  10:10  Supply Depot  
  125  10:12  Supply Depot x2  
  125  10:16  Supply Depot  
  125  10:20  SCV  
  125  10:21  Marine x2, SCV x2  
Show
View Real Time Build Order
Export as new Build Order

Stropheum Protoss - Winner!

Build Orders: Zealot Archon 

Get SALT Encoding   

  12  0:00  Probe  
  13  0:13  Probe  
  14  0:18  Pylon  
  14  0:25  Probe  
  15  0:33  Probe  
  15  0:41  Probe  
  16  0:43  Gateway  
  16  0:48  Assimilator  
  17  0:51  Probe  
  18  0:59  Probe  
  19  1:07  Probe  
  19  1:09  Pylon  
  19  1:16  Assimilator  
  19  1:17  Probe  
  21  1:29  Probe  
  21  1:32  Cybernetics Core  
  22  1:33  Zealot  
  24  1:42  Probe  
  25  1:54  Probe  
  26  1:58  Warp Gate  
  26  2:01  Zealot  
  26  2:02  Probe  
  29  2:10  Probe  
  30  2:20  Probe  
  31  2:26  Nexus  
  31  2:33  Pylon  
  31  2:38  Pylon  
  31  2:55  Robotics Facility  
  32  2:58  Probe  
  32  3:10  Probe  
  33  3:18  Twilight Council  
  33  3:22  Probe  
  34  3:34  Probe  
  34  3:38  Pylon  
  35  3:44  Pylon  
  35  3:45  Observer  
  35  3:47  Probe x2  
  38  3:50  Charge  
  38  3:55  Templar Archives  
  38  3:59  Probe x2  
  40  4:07  Immortal  
  44  4:11  Probe x2  
  46  4:23  Probe x2  
  48  4:24  Zealot  
  48  4:30  Assimilator  
  50  4:33  Assimilator  
  50  4:35  Probe x2  
  52  4:43  Gateway  
  52  4:45  Immortal, Gateway  
  52  4:46  Gateway  
  52  4:47  Probe  
  52  4:48  Probe  
  58  5:00  Probe x2  
  59  5:08  Zealot  
  59  5:12  Probe  
  62  5:19  Probe  
  63  5:22  Nexus  
  63  5:23  Pylon  
  63  5:24  Probe  
  63  5:27  Pylon  
  64  5:33  Probe  
  65  5:36  Immortal, Probe  
  70  5:45  Probe  
  70  5:48  Probe  
  72  5:52  High Templar x4  
  80  5:57  Probe  
  80  6:00  Probe  
  80  6:02  Pylon  
  82  6:05  Pylon, Archon x2  
  82  6:11  Probe  
  83  6:12  Probe  
  83  6:16  Immortal  
  88  6:20  Psionic Storm  
  88  6:23  Probe  
  88  6:24  Probe  
  90  6:29  Pylon  
  90  6:30  Pylon  
  90  6:32  High Templar  
  92  6:33  High Templar  
  92  6:35  Probe  
  92  6:36  Zealot x2  
  99  6:46  Assimilator  
  99  6:49  Probe x2  
  99  6:50  Probe, Assimilator  
  102  6:55  Immortal  
  102  6:56  Forge  
  102  7:00  High Templar  
  102  7:01  Probe x2  
  110  7:02  Probe  
  111  7:10  High Templar  
  113  7:17  Pylon  
  113  7:19  Pylon  
  113  7:20  Probe x3, Pylon  
  116  7:28  Archon x2  
  116  7:30  Immortal  
  116  7:31  Zealot x2  
  116  7:35  Protoss Ground Weapons Level 1  
  124  7:44  Gateway  
  124  7:46  Gateway  
  124  7:49  Gateway  
  124  7:51  Probe x3, Gateway  
  127  7:52  Zealot  
  127  7:53  Zealot x3  
  135  8:00  Immortal  
  135  8:06  Pylon  
  135  8:09  Pylon x2  
  139  8:17  High Templar x4  
  147  8:22  Archon x2  
  147  8:33  Observer  
  148  8:47  Zealot x3  
  148  8:48  Zealot  
  156  8:52  Immortal  
  160  8:58  High Templar x3  
  160  9:02  High Templar  
  168  9:05  Pylon, Nexus  
  168  9:08  Pylon, Archon  
  168  9:12  Assimilator  
  168  9:16  Archon  
  168  9:17  Assimilator  
  168  9:18  Zealot  
  168  9:19  Zealot x3  
  168  9:23  Immortal  
  180  9:31  High Templar  
  180  9:32  High Templar  
  180  9:33  Zealot  
  180  9:38  Archon  
  186  9:45  Gateway  
  186  9:47  Gateway, Zealot x5  
  186  9:51  Gateway  
  196  9:53  Gateway  
  196  10:00  Immortal  
  186  10:27  Zealot x7  
  186  10:28  Pylon, Zealot  
  158  10:37  Pylon  
Tags
 
Add a new tag
Caveats
  • Supply blocks, unpowered buildings, or Contaminate may cause inaccurate times.
  • Supply counts are checked every 10 seconds.